 Dungeon Crawl Stone Soup version 0.17.1-3-g152610e (webtiles) character file.

96641 Jerry the Tortoise (level 15, -6/123 HPs)
             Began as a Minotaur Fighter on Apr 2, 2016.
             Was an Elder of the Shining One.
             Killed from afar by a greater naga (33 damage)
             ... with a bolt of poison
             ... on level 3 of the Snake Pit.
             The game lasted 02:03:28 (20600 turns).

Jerry the Tortoise (Minotaur Fighter)              Turns: 20600, Time: 02:03:28

Health: -6/123     AC: 19    Str: 23    XL:     15   Next: 69%
Magic:  20/20      EV: 24    Int:  6    God:    the Shining One [****..]
Gold:   1592       SH: 26    Dex: 13    Spells: 1 memorised, 8 levels left

rFire  + . .     SeeInvis .     Q - +3 flail (flame)
rCold  . . .     Clarity  .     s - +2 scale mail {rF+}
rNeg   + + .     SustAt   .     c - +0 shield
rPois  .         Gourm    .     (helmet restricted)
rElec  .         Spirit   .     G - +0 cloak
rCorr  .         Warding  .     (no gloves)
rMut   .         Stasis   .     I - +0 pair of boots (curse)
MR     +....                    R - amulet of regeneration
Stlth  ..........               (no ring)
                                l - +5 ring of evasion

@: lethally poisoned (-6 -> -21), divine shield, poison vulnerable, glowing,
somewhat resistant to hostile enchantments, extremely unstealthy
A: retaliatory headbutt, horns 2, repulsion field 1, large bone plates 1, slimy
green scales 1, low mp 1, poison resistance, no device heal 1
a: Divine Shield, Cleansing Flame, Renounce Religion


You were on level 3 of the Snake Pit.
You worshipped the Shining One.
The Shining One was greatly pleased with you.
You were not hungry.

You visited 4 branches of the dungeon, and saw 21 of its levels.
You also visited: Ossuary and Ice Cave.

You collected 1592 gold pieces.

Inventory:

Hand Weapons
 Q - a +3 flail of flaming (weapon)
Armour
 c - a +0 shield (worn)
 j - a +0 large shield
 s - a +2 scale mail of fire resistance (worn)
 t - a +2 plate armour of poison resistance
 G - a +0 cloak (worn)
 I - a cursed +0 pair of boots (worn)
 P - a +2 chain mail of cold resistance
Jewellery
 l - a +5 ring of evasion (left hand)
 q - an uncursed ring of flight
 C - an uncursed amulet of resist corrosion
 R - an amulet of regeneration (around neck)
Wands
 i - a wand of teleportation (4)
 o - a wand of hasting (4)
 y - a wand of frost (36)
 L - a wand of disintegration (10)
 O - a wand of fireball (7)
 S - a wand of paralysis (0)
 U - a wand of fireball (4)
Scrolls
 h - a scroll of holy word {unknown}
 n - 6 scrolls of identify
 p - 5 scrolls of remove curse
 u - 5 scrolls of teleportation
 A - 3 scrolls of recharging
 D - a scroll of enchant weapon
 E - 2 scrolls of blinking
 H - 5 scrolls of magic mapping
 J - a scroll of fog {unknown}
 T - 3 scrolls of fear
 W - 2 scrolls of brand weapon
Potions
 b - 5 potions of brilliance
 d - 4 potions of haste
 f - 2 potions of magic
 g - 14 potions of curing
 k - a potion of heal wounds
 m - a potion of flight
 v - a potion of ambrosia
 w - a potion of might
 x - a potion of berserk rage
 z - 4 potions of invisibility
 B - a potion of agility
 N - 2 potions of cure mutation
 X - a potion of poison {unknown}
Books
 F - a book of Envenomations

   Spells                             Type                      Level
   a - Spider Form                    Transmutation/Poison         3
   b - Alistair's Intoxication        Transmutation/Poison         4
   c - Olgreb's Toxic Radiance        Poison                       4
   d - Poisonous Cloud                Conjuration/Poison/Air       6
   The Shining One disapproves of the use of such an item.
Comestibles
 a - 7 meat rations
 e - 23 bread rations
 r - 2 chunks of flesh
 K - 5 beef jerkies
 M - 17 fruits


   Skills:
 - Level 8.4 Fighting
 + Level 14.7 Maces & Flails
 + Level 15.3 Armour
 + Level 13.8 Dodging
 - Level 15.0 Shields
 + Level 11.3 Invocations


You had 8 spell levels left.
You knew the following spells:

 Your Spells              Type           Power        Failure   Level  Hunger
a - Haste                 Chrm           #.......     100%        6    #######


Dungeon Overview and Level Annotations

Branches:
Dungeon (9/15)             Temple (1/1) D:7            Lair (8/8) D:9
  Swamp (0/4) Lair:3        Snake (3/4) Lair:3        Slime (0/6) Lair:6
    Orc (0/4) D:9

Altars:
Cheibriados
Elyvilon
Fedhas
Gozag
Kikubaaqudgha
Makhleb
Nemelex Xobeh
Okawaru
Qazlal
Ru
Sif Muna
Trog
Vehumet
Xom
Zin
The Shining One
Beogh
Jiyva

Annotations:
Lair:6 1 runed door


Innate Abilities, Weirdness & Mutations

You reflexively headbutt those who attack you in melee.
You have a pair of horns on your head.
You are surrounded by a mild repulsion field (EV +2).
You are partially covered in large bone plates (AC +2, SH +2).
You are partially covered in slimy green scales (AC +2).
Your magical capacity is low (-10% MP).
Your system is resistant to poisons.
Potions and wands are less effective at restoring your health.


Message History

You feel less vulnerable to poison.
You block the naga ritualist's attack. x2
The greater naga casts a spell at you. The poison arrow hits you!
You are poisoned.
You partially resist.
You feel sick.
The naga ritualist casts a spell at you.
The poison in your body grows stronger.
You feel yourself grow more vulnerable to poison.
The greater naga hits you with a club!
* * * LOW HITPOINT WARNING * * *
You block the greater naga's attack.
You feel sick. You block the naga ritualist's attack.
The naga ritualist grabs you. The naga ritualist constricts you.
You escape the naga ritualist's grasp.
You feel sick. The greater naga casts a spell at you.
The bolt of poison hits you!
You are more poisoned.
You die...

+....).........!
+..........##...
+.......#NN##
#...N....##..##
..##.(?.###N..#### .
###### #..N...#####
##N.........#####
#...............##
##@.#..........รท...
#<..##.........##..
##..###.........####
#..## #.........# #
##..# ##.......## #
#..## ##......# #
#..# ##.....# ##
#..## ##.[.## #.
#... ##### #.


You could see a greater naga, 2 naga ritualists and a naga mage.

Vanquished Creatures
  Rupert (Lair:7)
  The ghost of CragHack the Shatterer, an adept MiBe of Trog (Snake:2)
  Frances (Snake:2)
  A frost giant (IceCv)
  Aizul (Snake:2)
  Louise (Snake:1)
  7 hydras
  5 naga warriors
  A catoblepas (Lair:8)
  7 anacondas
  6 death yaks
  A naga sharpshooter (Snake:2)
  A shock serpent (Snake:3)
  A fire crab (Lair:7)
  A salamander mystic (Snake:2)
  3 naga ritualists (Snake:1)
  An oklob plant (Lair:7)
  A griffon (Lair:8)
  5 salamanders
  12 mana vipers
  16 elephants
  12 black mambas
  A guardian serpent (Snake:1)
  An ice statue (IceCv)
  2 torpor snails
  24 spiny frogs
  7 naga magi
  11 komodo dragons
  3 trolls (D:9)
  26 blink frogs
  3 giant leeches
  12 polar bears
  2 boulder beetles (Lair:5)
  A spriggan (D:7)
  Sigmund (D:4)
  2 wyverns
  3 basilisks
  A hungry ghost (D:9)
  Eustachio (D:4)
  2 vampire mosquitoes
  9 hippogriffs
  Grum (D:9)
  59 yaks
  A deep elf fighter (D:8)
  Menkaure (D:7)
  12 nagas
  29 wolves
  2 wargs (D:9)
  10 water moccasins
  11 porcupines
  9 orc warriors
  A black bear (D:9)
  3 ogres
  10 ice beasts
  A wasp (D:9)
  2 sky beasts
  3 centaurs
  A necrophage (D:7)
  A phantom (D:9)
  11 crocodiles
  26 giant frogs
  2 scorpions
  12 killer bees
  5 wights
  9 electric eels
  8 hounds
  3 crimson imps
  2 giant frog zombies
  A centaur zombie (D:4)
  A wasp zombie (D:9)
  4 jellies
  A gnoll shaman (D:9)
  Crazy Yiuf (D:7)
  A centaur skeleton (D:6)
  Terence (D:3)
  10 iguanas
  13 orc priests
  7 hell rats (Lair:4)
  10 orc wizards
  8 worker ants
  A big kobold zombie (Ossuary)
  24 sheep
  4 killer bee zombies
  A hound zombie (D:5)
  3 hound skeletons (D:7)
  8 mummies (Ossuary)
  Robin (D:3)
  21 gnolls
  A worker ant zombie (D:9)
  66 river rats
  6 adders
  A shadow imp (D:9)
  3 adder zombies
  2 oozes
  An adder skeleton (D:9)
  6 worms
  4 giant geckos
  69 orcs
  2 ball pythons (D:4)
  5 bats
  12 goblins
  3 hobgoblins
  8 jackals
  15 kobolds
  6 quokkas
  5 giant cockroaches
  A giant gecko skeleton (D:7)
  9 giant newts
  2 gnoll zombies (Ossuary)
  A hobgoblin zombie (Ossuary)
  2 kobold zombies (Ossuary)
  2 orc zombies (Ossuary)
  A quokka zombie (D:9)
  10 rats
797 creatures vanquished.

Vanquished Creatures (others)
  A bush (Lair:8)
  2 fungi
  7 plants
10 creatures vanquished.

Grand Total: 807 creatures vanquished

Notes
Turn   | Place    | Note
--------------------------------------------------------------
     0 | D:1      | Jerry the Minotaur Fighter began the quest for the Orb.
     0 | D:1      | Reached XP level 1. HP: 19/19 MP: 0/0
   255 | D:1      | Reached XP level 2. HP: 27/27 MP: 1/1
   598 | D:1      | Reached skill level 4 in Armour
  1067 | D:2      | Reached XP level 3. HP: 25/33 MP: 2/2
  1569 | D:2      | Reached skill level 1 in Dodging
  1916 | D:2      | Reached XP level 4. HP: 18/40 MP: 3/3
  2262 | D:3      | Noticed Robin
  2320 | D:3      | Killed Robin
  2373 | D:3      | Reached XP level 5. HP: 42/46 MP: 4/4
  2376 | D:3      | Noticed Terence
  2577 | D:3      | Killed Terence
  2585 | D:3      | Found a burning altar of Makhleb.
  2587 | D:3      | Found a sparkling altar of Nemelex Xobeh.
  2900 | D:3      | Reached skill level 5 in Shields
  2900 | D:3      | Reached XP level 6. HP: 37/53 MP: 5/5
  2903 | D:3      | Reached skill level 5 in Armour
  3030 | D:3      | Found a deep blue altar of Sif Muna.
  3420 | D:4      | Noticed Eustachio
  3428 | D:4      | Killed Eustachio
  3428 | D:4      | Reached skill level 5 in Fighting
  3428 | D:4      | Reached XP level 7. HP: 51/61 MP: 6/6
  3476 | D:4      | Noticed Sigmund
  3491 | D:4      | Reached skill level 5 in Maces & Flails
  3520 | D:4      | HP: 3/61 [poisoned by Sigmund]
  3527 | D:4      | HP: 3/61 [poisoned by Sigmund]
  3535 | D:4      | HP: 2/61 [poisoned by Sigmund]
  4083 | D:4      | Killed Sigmund
  4242 | D:5      | Entered Level 5 of the Dungeon
  4293 | D:5      | Reached skill level 6 in Armour
  4391 | D:5      | Reached XP level 8. HP: 46/70 MP: 7/7
  4676 | D:5      | Found a sand-covered staircase.
  4680 | Ossuary  | Entered an ossuary
  5337 | D:6      | Gained mutation: You are partially covered in large bone plates (AC +2, SH +2). [mutagenic meat]
  5338 | D:6      | Gained mutation: You are frail (-10% HP). [mutagenic meat]
  5339 | D:6      | Gained mutation: You are surrounded by a mild repulsion field (EV +2). [mutagenic meat]
  5340 | D:6      | Gained mutation: Potions and wands are less effective at restoring your health. [mutagenic meat]
  5359 | D:6      | Reached skill level 5 in Dodging
  5508 | D:6      | Reached skill level 7 in Armour
  5792 | D:6      | Reached XP level 9. HP: 71/71 MP: 8/8
  5849 | D:6      | Found an opulent altar of Gozag.
  6191 | D:7      | Found a staircase to the Ecumenical Temple.
  6196 | Temple   | Entered the Ecumenical Temple
  6438 | Temple   | Became a worshipper of the Shining One
  6520 | D:7      | Noticed Crazy Yiuf
  6580 | D:7      | Reached skill level 8 in Fighting
  6636 | D:7      | Killed Crazy Yiuf
  6890 | D:7      | Reached * piety under the Shining One
  6974 | D:7      | Noticed Menkaure
  6982 | D:7      | Killed Menkaure
  7075 | D:8      | Reached XP level 10. HP: 58/81 MP: 9/9
  7133 | D:8      | Reached skill level 1 in Invocations
  7620 | D:8      | Reached skill level 9 in Armour
  7828 | D:9      | Paralysed by a wasp for 1 turns
  7849 | D:9      | Reached ** piety under the Shining One
  7921 | D:9      | Noticed Grum
  7932 | D:9      | Killed Grum
  8030 | D:9      | Found a roughly hewn altar of Beogh.
  8035 | D:9      | Found a staircase to the Orcish Mines.
  8391 | D:9      | Found a staircase to the Lair.
  8392 | D:9      | Reached *** piety under the Shining One
  8518 | D:9      | Reached XP level 11. HP: 85/85 MP: 13/13
  8909 | Lair:1   | Entered Level 1 of the Lair of Beasts
  8930 | Lair:1   | Noticed a five-headed hydra
  8940 | Lair:1   | Killed a five-headed hydra
  8940 | Lair:1   | Reached skill level 10 in Armour
  8940 | Lair:1   | Reached skill level 10 in Shields
  8983 | Lair:1   | Found a frozen archway.
  9085 | IceCv    | Entered an ice cave
  9101 | IceCv    | Reached skill level 10 in Maces & Flails
  9105 | IceCv    | Reached skill level 5 in Invocations
  9184 | IceCv    | Noticed a death yak
  9204 | IceCv    | Killed a death yak
  9360 | IceCv    | Reached skill level 11 in Armour
  9443 | IceCv    | Reached XP level 12. HP: 92/92 MP: 15/15
  9526 | IceCv    | Noticed a death yak
  9551 | IceCv    | Killed a death yak
  9552 | IceCv    | Reached skill level 10 in Dodging
  9622 | IceCv    | Noticed a death yak
  9622 | IceCv    | Noticed a frost giant
  9631 | IceCv    | Killed a death yak
  9640 | IceCv    | Killed a frost giant
 10110 | Lair:1   | Reached skill level 12 in Armour
 10865 | Lair:2   | Reached **** piety under the Shining One
 11861 | Lair:3   | Reached XP level 13. HP: 87/97 MP: 15/17
 12059 | Lair:3   | Noticed a seven-headed hydra
 12090 | Lair:3   | Killed a seven-headed hydra
 12578 | Lair:3   | Found a staircase to the Snake Pit.
 12620 | Lair:3   | Found a staircase to the Swamp.
 13415 | Lair:4   | Gained mutation: Your magical capacity is low (-10% MP). [potion of mutation]
 13415 | Lair:4   | Gained mutation: You are partially covered in slimy green scales (AC +2). [potion of mutation]
 13415 | Lair:4   | Gained mutation: Your system is resistant to poisons. [potion of mutation]
 13416 | Lair:4   | Lost mutation: You are frail (-10% HP). [potion of mutation]
 13416 | Lair:4   | Lost mutation: Potions and wands are less effective at restoring your health. [potion of mutation]
 13416 | Lair:4   | Gained mutation: Potions and wands are less effective at restoring your health. [potion of mutation]
 13731 | Lair:5   | Reached skill level 13 in Armour
 14535 | Lair:6   | Learned a level 6 spell: Haste
 14655 | Lair:6   | Found a runed door.
 14656 | Lair:6   | Found a viscous altar of Jiyva.
 14657 | Lair:6   | Noticed an acid blob
 14660 | Lair:6   | Found a staircase to the Slime Pits.
 15028 | Lair:7   | Reached XP level 14. HP: 93/116 MP: 17/17
 15036 | Lair:7   | Noticed Rupert
 15053 | Lair:7   | Paralysed by Rupert for 2 turns
 15058 | Lair:7   | Killed Rupert
 16225 | Lair:8   | Entered Level 8 of the Lair of Beasts
 16229 | Lair:8   | Reached ***** piety under the Shining One
 16244 | Lair:7   | Reached skill level 14 in Armour
 16432 | Lair:8   | Reached skill level 10 in Invocations
 17620 | Snake:1  | Entered Level 1 of the Snake Pit
 17703 | Snake:1  | Noticed Louise
 17742 | Snake:1  | Killed Louise
 17821 | Snake:1  | Reached XP level 15. HP: 101/123 MP: 19/19
 19298 | Snake:2  | Reached skill level 15 in Armour
 19691 | Snake:2  | Paralysed by a salamander for 4 turns
 19701 | Snake:2  | Paralysed by a salamander for 7 turns
 19717 | Snake:2  | Found a shimmering altar of Xom.
 19813 | Snake:2  | Noticed Aizul
 19849 | Snake:2  | Killed Aizul
 20017 | Snake:2  | Noticed Frances
 20030 | Snake:2  | Killed Frances
 20139 | Snake:2  | Noticed CragHack's ghost (adept MiBe)
 20206 | Snake:2  | Killed CragHack's ghost
 20206 | Snake:2  | Reached skill level 15 in Shields
 20487 | Snake:3  | Noticed a greater naga
 20600 | Snake:3  | Killed from afar by a greater naga

Action                   |  1- 3 |  4- 6 |  7- 9 | 10-12 | 13-15 || total
-------------------------+-------+-------+-------+-------+-------++-------
Melee: Flail             |   142 |    72 |       |   676 |  1624 ||  2514
       Mace              |       |    91 |   453 |   228 |       ||   772
Invok: Divine Shield     |       |       |       |     8 |    14 ||    22
       Cleansing Flame   |       |       |       |       |     1 ||     1
       Summon Divine War |       |       |       |       |     1 ||     1
Evoke: Wand              |       |       |       |       |     7 ||     7
       Rod               |       |       |       |       |     1 ||     1
  Use: Scroll            |       |     4 |       |     2 |    29 ||    35
       Potion            |       |     3 |     1 |     1 |     5 ||    10
 Stab: Petrified         |       |       |       |       |     1 ||     1
  Eat: Chunk             |     3 |     5 |    18 |    20 |    32 ||    78
       Pizza             |       |       |       |       |     5 ||     5
       Fruit             |       |       |       |       |     2 ||     2
